 Dungeon Crawl Stone Soup version 0.23-a0-644-gb60d84b (webtiles) character file.

33353 TheGoonsmith the Severer (level 13, -3/118 HPs)
             Began as a Minotaur Berserker on Jan 1, 2019.
             Was an Elder of Trog.
             Slain by a nine-headed hydra (9 damage)
             ... on level 5 of the Lair of Beasts.
             The game lasted 00:30:28 (17290 turns).

TheGoonsmith the Severer (Minotaur Berserker)      Turns: 17290, Time: 00:30:28

Health: -3/118     AC: 22    Str: 23    XL:     13   Next: 36%
Magic:  12/12      EV: 16    Int:  4    God:    Trog [****..]
Gold:   951        SH:  0    Dex: 14    Spells: 12/12 levels left

rFire    . . .     SeeInvis .   b - +0 shortbow
rCold    . . .     Gourm    .   (shield currently unavailable)
rNeg     . . .     Faith    +   w - +6 scale mail of Oklyag {+Fly MR+}
rPois    .         Spirit   .   (helmet restricted)
rElec    .         Reflect  .   X - +1 cloak
rCorr    .         Harm     .   E - +0 pair of gloves
MR       +++..                  R - +0 pair of boots
Stlth    ..........             B - amulet of faith
HPRegen  1.29/turn              q - +2 ring of protection
MPRegen  0.13/turn              K - +1 ring of evasion

@: about to teleport, regenerating
A: retaliatory headbutt, horns 2
a: Berserk, Trog's Hand, Brothers in Arms, Renounce Religion, Evoke Flight


You were on level 5 of the Lair of Beasts.
You worshipped Trog.
Trog was greatly pleased with you.
You were very hungry.

You visited 2 branches of the dungeon, and saw 17 of its levels.
You also visited: Ice Cave.

You collected 1255 gold pieces.
You spent 304 gold pieces at shops.

Inventory:

Hand Weapons
 a - a +4 battleaxe of electrocution
 b - a +0 shortbow (weapon)
 W - a +1 battleaxe of freezing
Missiles
 t - 180 arrows (quivered)
Armour
 d - a +0 plate armour
 e - a +0 chain mail
 f - a +1 chain mail of fire resistance
 o - a scarf of cloud immunity
 w - the +6 scale mail of Oklyag (worn) {+Fly MR+}
   (You found it on level 5 of the Dungeon)

   It affects your resistance to hostile enchantments.
   It lets you fly.
 y - a +0 animal skin
 E - a +0 pair of gloves (worn)
 R - a +0 pair of boots (worn)
 X - a +1 cloak (worn)
Jewellery
 j - an uncursed amulet of rage
 l - an uncursed ring of fire
 q - a +2 ring of protection (left hand)
 u - an uncursed ring of stealth
 x - an uncursed amulet of harm
 B - an amulet of faith (around neck)
 F - an uncursed ring of ice
 K - a +1 ring of evasion (right hand)
Wands
 H - a wand of digging (13)
 I - a wand of flame (36)
 L - a wand of paralysis (3)
 N - a wand of clouds (4)
 T - a wand of acid (10)
 V - a wand of iceblast (12)
Scrolls
 m - 3 scrolls of blinking
 p - a scroll of magic mapping
 r - 6 scrolls of identify
 v - 4 scrolls of enchant weapon
 D - 6 scrolls of teleportation
 G - a scroll of summoning
 J - 11 scrolls of remove curse
Potions
 g - 5 potions of heal wounds
 h - a potion of cancellation {unknown}
 i - 6 potions of curing
 k - 4 potions of lignification
 n - 4 potions of haste
 s - 2 potions of invisibility {unknown}
 z - 2 potions of agility {unknown}
 A - 5 potions of might {unknown}
 C - a potion of berserk rage {unknown}
 M - 4 potions of brilliance
 O - a potion of resistance
 P - 9 potions of mutation {unknown}
 S - 2 potions of ambrosia {unknown}
 U - 3 potions of flight {unknown}
Miscellaneous
 Q - a lamp of fire
Comestibles
 c - 20 rations


   Skills:
 - Level 12.0 Fighting
 - Level 16.0 Axes
 * Level 11.2 Bows
 - Level 12.0 Armour
 - Level 8.0 Dodging


You had 12 spell levels left.
You didn't know any spells.
Your spell library was empty.

Dungeon Overview and Level Annotations

Branches:
Dungeon (11/15)            Temple (0/1) D:7            Lair (6/6) D:8
 Shoals (0/4) Lair:4        Snake (0/4) Lair:2          Orc (0/2) D:9
  Slime: Lair:5-6

Altars:
Gozag
Nemelex Xobeh
Ru
Yredelemnul
The Shining One

Shops:
D:8 ?

Annotations:
Lair:5 exclusions: floating eye and 3 oklob plants


Innate Abilities, Weirdness & Mutations

You reflexively headbutt those who attack you in melee.
You have a pair of horns on your head.


Message History

The nine-headed hydra closely misses you. x2
The nine-headed hydra bites you but does no damage.
The nine-headed hydra barely misses you.
The nine-headed hydra closely misses you.
The nine-headed hydra bites you!
* * * LOW HITPOINT WARNING * * *
The nine-headed hydra misses you. The nine-headed hydra bites you!
* * * LOW HITPOINT WARNING * * *
The nine-headed hydra bites you but does no damage.
The spiny frog stings you but does no damage.
You feel much better. The nine-headed hydra bites you!
* * * LOW HITPOINT WARNING * * *
The nine-headed hydra bites you.
* * * LOW HITPOINT WARNING * * *
The nine-headed hydra bites you.
* * * LOW HITPOINT WARNING * * *
The nine-headed hydra bites you!
* * * LOW HITPOINT WARNING * * *
The nine-headed hydra misses you. The nine-headed hydra bites you!
You die... .....## #....#.#### ......# ##....## ......# ##....(### ......# ##.......P## ......# ####....#P..PP### ......# #.#.............# ....... ###...............# PP......

#.#...D.........?P#
>P......###....F@.........##
GPP.....###................#
PP.....[#.....<............#
P..........................#
...........P.#........[...##
............##.#......>...#
...........#.###.........##
............## ##.......##
.....#.#.#..### ##.#..###


You could see a nine-headed hydra and a spiny frog.

Vanquished Creatures
  Rupert (Lair:3)
  A white draconian (IceCv)
  2 hydras
  A death yak (Lair:6)
  An unseen horror (D:10)
  A manticore (Lair:4)
  2 ice statues (IceCv)
  A guardian serpent (D:9)
  A torpor snail (Lair:6)
  9 spiny frogs
  2 ice devils (Lair:4)
  2 komodo dragons
  2 tyrant leeches (Lair:6)
  2 trolls (D:9)
  11 polar bears (IceCv)
  11 blink frogs
  Prince Ribbit (D:7)
  4 hippogriffs
  A spriggan (D:8)
  Sigmund (D:2)
  3 wyverns
  2 basilisks
  34 yaks
  3 vampire mosquitoes (Lair:6)
  5 nagas (Lair:2)
  Duvessa (D:7)
  4 porcupines
  7 water moccasins
  An orc warrior (D:9)
  2 black bears
  2 sky beasts
  3 ice beasts
  3 phantoms
  3 necrophages
  5 ogres
  23 wolves
  6 centaurs
  3 crocodiles
  A big kobold (D:10)
  20 bullfrogs
  Dowan (D:7)
  5 scorpions
  3 howler monkeys
  8 wights
  An electric eel (Lair:2)
  3 crimson imps
  2 bullfrog zombies
  4 orc priests
  4 hounds
  2 orc wizards (D:4)
  Natasha (thrice) (D:2)
  3 iguanas
  9 worker ants
  A hound skeleton (D:9)
  A worker ant zombie (D:5)
  A howler monkey skeleton (D:4)
  6 adders
  3 gnolls (D:8)
  3 shadow imps
  A white imp (D:4)
  2 oozes (D:2)
  An adder skeleton (D:7)
  An adder zombie (D:6)
  3 worms
  3 dart slugs
  4 leopard geckos
  19 orcs
  2 ball pythons (D:4)
  2 giant cockroaches
  7 goblins
  6 hobgoblins
  7 jackals
  4 quokkas
  9 bats
  6 frilled lizards
  A goblin skeleton (D:4)
  2 goblin zombies (D:4)
  3 hobgoblin zombies (D:4)
  A jackal skeleton (D:6)
  11 kobolds
  A kobold zombie (D:4)
  3 leopard gecko zombies
  An orc skeleton (D:4)
  An orc zombie (D:4)
  A quokka skeleton (D:9)
  10 rats
  A spectral orc (D:5)
  A butterfly (Lair:3)
  4 plants
369 creatures vanquished.

Vanquished Creatures (collateral kills)
  Josephine (Lair:4)
  A hydra (Lair:4)
  5 wraiths (Lair:4)
  A bullfrog (Lair:4)
8 creatures vanquished.

Vanquished Creatures (others)
  3 fungi
  18 plants (Lair:6)
21 creatures vanquished.

Grand Total: 398 creatures vanquished

Notes
Turn   | Place    | Note
-------+----------+-------------------------------------------
     0 | D:1      | TheGoonsmith the Minotaur Berserker began the quest for the
                  | Orb.
     0 | D:1      | Reached XP level 1. HP: 19/19 MP: 0/0
   102 | D:1      | Reached XP level 2. HP: 16/27 MP: 1/1
   191 | D:1      | Reached skill level 4 in Axes
   683 | D:2      | Reached XP level 3. HP: 23/33 MP: 2/2
   991 | D:2      | Reached ** piety under Trog
  1074 | D:2      | Noticed Natasha
  1082 | D:2      | Killed Natasha
  1082 | D:2      | Reached XP level 4. HP: 36/40 MP: 3/3
  1180 | D:2      | Noticed Natasha
  1188 | D:2      | Killed Natasha
  1188 | D:2      | Reached skill level 5 in Axes
  1204 | D:2      | Noticed Sigmund
  1213 | D:2      | Killed Sigmund
  1213 | D:2      | Reached XP level 5. HP: 44/47 MP: 0/4
  1310 | D:2      | Noticed Natasha
  1321 | D:2      | Killed Natasha
  1321 | D:2      | Reached XP level 6. HP: 43/55 MP: 5/5
  1954 | D:3      | Reached skill level 6 in Axes
  2015 | D:3      | Reached skill level 5 in Fighting
  2174 | D:3      | Found a sacrificial altar of Ru.
  2364 | D:4      | Reached *** piety under Trog
  2396 | D:4      | Noticed an ice beast
  2402 | D:4      | Killed an ice beast
  2670 | D:4      | Found a glowing golden altar of the Shining One.
  2695 | D:4      | Reached XP level 7. HP: 54/61 MP: 6/6
  2906 | D:4      | Reached skill level 7 in Axes
  2938 | D:4      | Reached skill level 5 in Armour
  3505 | D:5      | Entered Level 5 of the Dungeon
  3678 | D:5      | Reached **** piety under Trog
  3965 | D:5      | Reached XP level 8. HP: 70/70 MP: 7/7
  3974 | D:5      | Reached skill level 8 in Axes
  3974 | D:5      | Reached skill level 5 in Dodging
  4026 | D:5      | Got a topaz-encrusted scale mail
  4037 | D:5      | Identified the +6 scale mail of Oklyag {+Fly MR+} (You
                  | found it on level 5 of the Dungeon)
  4157 | D:5      | Found a basalt altar of Yredelemnul.
  4444 | D:6      | Received a gift from Trog
  4982 | D:6      | Reached skill level 9 in Axes
  5427 | D:6      | Reached skill level 10 in Axes
  5427 | D:6      | Reached XP level 9. HP: 28/77 MP: 8/8
  6341 | D:7      | Noticed Prince Ribbit
  6347 | D:7      | Killed Prince Ribbit
  6474 | D:7      | Found an opulent altar of Gozag.
  6641 | D:7      | Noticed Duvessa
  6642 | D:7      | Noticed Dowan
  6653 | D:7      | Reached skill level 1 in Bows
  6655 | D:7      | Killed Duvessa
  6656 | D:7      | Killed Dowan
  6657 | D:7      | Found a staircase to the Ecumenical Temple.
  7434 | D:8      | Found a staircase to the Lair.
  7467 | D:8      | Found a sparkling altar of Nemelex Xobeh.
  7499 | D:8      | Reached skill level 11 in Axes
  7595 | D:8      | Reached skill level 5 in Bows
  7699 | D:8      | Found Awemoso's Magic Scroll Boutique.
  7714 | D:8      | Bought a scroll of summoning for 123 gold pieces
  7714 | D:8      | Bought a scroll of enchant weapon for 97 gold pieces
  7714 | D:8      | Bought a scroll of magic mapping for 45 gold pieces
  7714 | D:8      | Bought a scroll of teleportation for 39 gold pieces
  7742 | D:8      | Reached XP level 10. HP: 78/86 MP: 9/9
  7992 | D:9      | Reached skill level 12 in Axes
  8043 | D:9      | Reached ***** piety under Trog
  8186 | D:9      | Noticed a guardian serpent
  8193 | D:9      | Killed a guardian serpent
  8506 | D:9      | Found a staircase to the Orcish Mines.
  8614 | D:10     | Entered Level 10 of the Dungeon
  8894 | D:10     | Killed an unseen horror
  9759 | Lair:1   | Entered Level 1 of the Lair of Beasts
  9762 | Lair:1   | Reached skill level 13 in Axes
 10129 | Lair:1   | Reached XP level 11. HP: 60/92 MP: 10/10
 10132 | Lair:1   | Reached skill level 14 in Axes
 10817 | Lair:2   | Found a staircase to the Snake Pit.
 11950 | Lair:2   | You fall through a shaft for 2 floors!
 12001 | Lair:4   | Noticed a seven-headed hydra
 12002 | Lair:4   | Noticed Josephine
 12011 | Lair:4   | Killed Josephine
 12028 | Lair:4   | Killed a seven-headed hydra
 12091 | Lair:4   | Found a frozen archway.
 12095 | Lair:4   | Received a gift from Trog
 12161 | IceCv    | Entered an ice cave
 12169 | IceCv    | Reached XP level 12. HP: 52/106 MP: 11/11
 12397 | IceCv    | Reached skill level 10 in Fighting
 12573 | IceCv    | Reached skill level 15 in Axes
 12744 | IceCv    | Reached skill level 10 in Armour
 12995 | IceCv    | Noticed a white draconian
 13007 | IceCv    | Killed a white draconian
 13010 | IceCv    | Reached skill level 10 in Bows
 14586 | Lair:3   | Noticed Rupert
 14589 | Lair:3   | Paralysed by Rupert for 2 turns
 14600 | Lair:3   | Killed Rupert
 15021 | Lair:4   | Found a staircase to the Shoals.
 15039 | Lair:4   | Reached XP level 13. HP: 79/116 MP: 12/12
 15262 | Lair:4   | Found the +3 salamander hide armour {+Rage rF++}
 15498 | Lair:5   | Received a gift from Trog
 15817 | Lair:5   | Reached skill level 16 in Axes
 16380 | Lair:6   | Entered Level 6 of the Lair of Beasts
 17290 | Lair:5   | Slain by a nine-headed hydra

Vault maps used:
D:1:      wander_arrival_desolate, hangedman_decor_diamond_cutter
D:2:      first_ration, grunt_decor_mini_mirrors, grunt_ministairs_2,
          kennysheep_big_empty_room, uniq_sigmund, uniq_natasha
D:3:      nicolae_ru_sacrificial_ziggurat
D:4:      nicolae_tso_besieged_by_evil
D:5:      yredelemnul_forgotten_temple_becter, minmay_misc_feat_cross
D:6:      kb_lookout_dungeons_type, kennysheep_boxes
D:7:      grunt_gozag_breadcrumbs, minmay_temple_entry_statues_pillars,
          uniq_duvessa, uniq_prince_ribbit1
D:8:      lemuel_doored_altar, lair_entry_dummy, serial_shops, shop_statue,
          the_bakery
D:9:      orc_0_dummy, nrook_guardian_serpent_double
D:11:     minmay_separated_statues, serial_shops,
          nicolae_shop_temple_entry_statues_fountains, uniq_fannar
Lair:2:   minmay_snake_entry_guardpost_medium, infiniplex_staircase_pool
Lair:3:   lemuel_fruit_fields, uniq_rupert
Lair:4:   minmay_shoals_entry_beasts, portal_ice_cave_demonic_guard,
          minmay_stone_trees_medium, chequers_serial_rivers_small_b,
          serial_bayou_shore_b, grunt_megastairs_1, uniq_josephine
Lair:5:   disabler_island
Lair:6:   minmay_lair_end_frog_pond, slime_altar_1, patterned_corridor
IceCv:    ice_cave_small_giant

Skill      XL: |  1  2  3  4  5  6  7  8  9 10 11 12 13 |
---------------+----------------------------------------+-----
Axes           | 4 5 6 7 10 11 13 14 15 16 | 16.0
Fighting       | 4 5 6 7 8 9 11 12 | 12.0
Armour         | 3 4 5 6 8 9 11 12 | 12.0
Dodging        | 3 4 5 7 8 |  8.0
Bows           | 5 8 9 10 11 | 11.2

Action                   |  1- 3 |  4- 6 |  7- 9 | 10-12 | 13-15 || total
-------------------------+-------+-------+-------+-------+-------++-------
Melee: Hand axe          |    81 |   116 |    43 |       |       ||   240
       Headbutt          |    18 |    23 |    19 |    72 |    20 ||   152
       Battleaxe         |       |       |   138 |   365 |    91 ||   594
       Shortbow          |       |       |       |    14 |       ||    14
 Fire: Shortbow          |       |       |   125 |   116 |    24 ||   265
Invok: Berserk           |       |     3 |     2 |     7 |     2 ||    14
       Trog's Hand       |       |       |     1 |     8 |     2 ||    11
       Brothers in Arms  |       |       |       |     2 |     1 ||     3
  Use: Scroll            |       |     6 |     4 |     7 |     3 ||    20
       Potion            |       |       |       |     2 |     1 ||     3
  Eat: Chunk             |       |     8 |    18 |    21 |     1 ||    48
       Ration            |       |       |       |     4 |     2 ||     6
Armor: Animal skin       |     5 |       |       |       |       ||     5
       Plate armour      |    30 |       |       |       |       ||    30
       Chain mail        |     3 |    66 |    24 |       |       ||    93
       Scale mail        |       |       |    96 |   270 |    68 ||   434
Dodge: Dodged            |    40 |    54 |   121 |   324 |   111 ||   650

Table legend:
 A = Non-vault XP
 B = Vault XP
 C = Vault XP percentage of total XP
 D = Non-vault monster count
 E = Vault monster count
 F = Vault count percentage of total count
                 A         B        C        D         E       F
            +---------+---------+-------+---------+---------+-------
      Total |   25449 |   22199 |  46.6 |     278 |      94 |  25.3
            +---------+---------+-------+---------+---------+-------
        D:1 |      36 |       0 |   0.0 |      20 |       0 |   0.0
        D:2 |     127 |     260 |  67.2 |      27 |       4 |  12.9
        D:3 |      50 |       0 |   0.0 |      18 |       0 |   0.0
        D:4 |     687 |      20 |   2.8 |      17 |      10 |  37.0
        D:5 |     372 |       1 |   0.3 |      19 |       1 |   5.0
        D:6 |    1375 |     110 |   7.4 |      27 |       1 |   3.6
        D:7 |     843 |     483 |  36.4 |      14 |       3 |  17.6
        D:8 |    1121 |     229 |  17.0 |      19 |       1 |   5.0
        D:9 |    1459 |     457 |  23.9 |      15 |       1 |   6.2
       D:10 |    1551 |       0 |   0.0 |      20 |       0 |   0.0
       D:11 |     121 |       0 |   0.0 |       1 |       0 |   0.0
     Lair:1 |    2652 |       0 |   0.0 |      17 |       0 |   0.0
     Lair:2 |    5784 |     790 |  12.0 |      31 |       5 |  13.9
     Lair:3 |    3216 |    3025 |  48.5 |      16 |       1 |   5.9
     Lair:4 |    1465 |    3021 |  67.3 |       6 |      12 |  66.7
     Lair:5 |    1910 |       0 |   0.0 |       7 |       0 |   0.0
     Lair:6 |    2680 |    4716 |  63.8 |       4 |      19 |  82.6
      IceCv |       0 |    9087 | 100.0 |       0 |      36 | 100.0
            +---------+---------+-------+---------+---------+-------
